 Dungeon Crawl Stone Soup version 0.30-a0-859-gf88a04b62d (webtiles) character file.

Game seed: 5742232213158580843

2 Esekla the Sneak (level 1, -2/16 HPs)
             Began as an Octopode Delver on Mar 6, 2023.
             Shot with an arrow by a centaur (9 damage)
             ... on level 5 of the Dungeon.
             The game lasted 00:02:43 (210 turns).

Esekla the Sneak (Octopode Delver)                   Turns: 210, Time: 00:02:44

Health: -2/16      AC:  1    Str: 11    XL:     1   Next: 30%
Magic:  1/1        EV: 13    Int: 12    God:
Gold:   43         SH:  0    Dex: 13    Spells: 0/0 levels left

rFire   . . .      SeeInvis .    a - +0 falchion
rCold   . . .      Faith    .    (no shield)
rNeg    . . .      Spirit   .    (helmet restricted)
rPois   .          Reflect  .    (no amulet)
rElec   .          Rampage  .    (no ring)
rCorr   .                        (no ring)
Will    .....                    (no ring)
Stlth   ++++                     (no ring)
HPRegen 0.22/turn                (no ring)
MPRegen 0.07/turn                (no ring)
                                 (no ring)
                                 (no ring)

@: hasted, studying Fighting, very quick
A: almost no armour, amphibious, 8 rings, camouflage 1, gelatinous body 1,
(nimble swimmer 1), tentacles
a: no special abilities


You were on level 5 of the Dungeon.
You visited 1 branch of the dungeon, and saw 1 of its levels.

You collected 43 gold pieces.

Inventory:

Hand Weapons
 a - a +0 falchion (weapon)
Missiles
 g - 2 javelins (quivered)
Wands
 f - a wand of digging (1)
Scrolls
 b - a scroll of fog
 c - a scroll of amnesia {unknown}


   Skills:
 * Level 3.0 Fighting
 * Level 2.0 Long Blades
 * Level 2.0 Dodging
 + Level 6.6 Stealth


You couldn't memorise any spells.
You didn't know any spells.
Your spell library was empty.

Dungeon Overview and Level Annotations

Branches:
Dungeon (5/15)
 Temple: D:4-7

Altars:
Gozag
Uskayaw


Innate Abilities, Weirdness & Mutations

You cannot wear most types of armour.
You are amphibious.
You can wear up to eight rings at the same time.
Your skin changes colour to match your surroundings (Stealth+).
Your rubbery body absorbs attacks. (AC +1, EV +1)
((You are camouflaged when in or above water. (Stealth+)))
You have tentacles for arms and can constrict up to eight enemies at once.


Message History

You now have 24 gold pieces (gained 11).
There is a stone staircase leading down here.
You open the door.
A hound and a centaur come into view.
Found 4 poisoned darts and 16 gold pieces.
You close the door.
There is a stone staircase leading down here.
Found 10 gold pieces.
You now have 34 gold pieces (gained 10).
A phantom comes into view.
Found 9 gold pieces.
You now have 43 gold pieces (gained 9).
Aiming: Dig
Press: ? - help, Shift-Dir - straight line A rock wall.
The rock shatters into small pieces.
Found a hide-covered altar of Uskayaw. 3 lemures come into view.
Unknown command.
Aiming: Dig
Press: ? - help, Shift-Dir - straight line A rock wall.
The rock shatters into small pieces.
A water moccasin comes into view.
As you read the scroll of fear, it crumbles to dust.
You assume a fearsome visage.
The water moccasin looks frightened!
The centaur shouts!
The centaur wields a +0 shortbow.
The centaur shoots an arrow.
The arrow hits you.
Found a stone staircase leading up.
The centaur shoots an arrow.
The arrow hits you!
Ouch! That really hurt!
Found an opulent altar of Gozag.
Okay, then.
Okay, then.
Unknown command.
You feel yourself speed up.
The centaur shoots an arrow.
The arrow barely misses you.
The centaur shoots an arrow.
The arrow hits you!
Ouch! That really hurt!
You die...

*******,**#.#####.##.#######
*,,,,,* #.#.....#.##....>.
*,***** #........###.###..
*,*****####.###.## #.# #..
*,*,,,,,..#.##..#**#+#*#.) ******
*,*,*,,*#.#.###.#,,...,### *,,,,*
*,*,*,,*#<#.###.#,.....* # ****,*
*,*,*,,*#.....#.#..(...# # **
*,***,*,*,,*#@.....c.......# #
,***,,,,,*,#......P..PPS....h.#*#
,,********,#.####.PP..P.$......,,
,,,* *,*,,,,..PP..PP..,,,,**,
,,,* *,*****...P..PP..,,,,**,
<,,* *,* ###.PP..PP.,,,,**, ,,,*
*,* *,..PP..P,,,,,**, ,,,* *,***
*,_.PP..,,,,,,**, ,,********,,,*
*,,,,,,,,,,,,,,*,


You could see a water moccasin and a centaur.

Vanquished Creatures
  An orc (D:5)
1 creature vanquished.

Notes
Turn   | Place    | Note
-------+----------+-------------------------------------------
     0 | D:5      | Esekla the Octopode Delver began the quest for the Orb.
     0 | D:5      | Reached XP level 1. HP: 16/16 MP: 1/1
    21 | D:5      | Noticed a hound
    31 | D:5      | Noticed a phantom
    92 | D:5      | Noticed a hound
    92 | D:5      | Noticed a centaur
   128 | D:5      | Noticed a phantom
   168 | D:5      | Found a hide-covered altar of Uskayaw.
   169 | D:5      | Noticed a lemure
   169 | D:5      | Noticed a lemure
   169 | D:5      | Noticed a lemure
   192 | D:5      | Noticed a water moccasin
   209 | D:5      | Found an opulent altar of Gozag.
   210 | D:5      | Shot with an arrow by a centaur

Illustrated notes

Levels and vault maps discovered:
D:5:      layout_basic, mainiacjoe_overflow_tiny_flanked,
          mainiacjoe_overflow_catch_the_wave, grunt_ministairs_9, uniq_pikel,
          uniq_menkaure

Action                     || total
---------------------------++-------
  Melee: Falchion          ||     2
         Constrict         ||     1
         Tentacles         ||     1
  Evoke: Wand              ||     2
    Use: Scroll            ||     2
         Potion            ||     1
   Stab: Sleeping          ||     1
  Dodge: Dodged            ||     2

Table legend: (Time is in decaauts)
 A = Elapsed time spent in this place.
 B = Non-inter-level travel time spent in this place.
 C = Inter-level travel time spent in this place.
 D = Time resting spent in this place.
 E = Time spent auto-exploring this place.
 F = Levels seen in this place.
 G = Mean time per level.
                   A        B        C        D        E       F      G
               +--------+--------+--------+--------+--------+-----+--------+
         Total |    210 |    210 |      0 |      0 |      0 |   1 |  210.0 |
       Dungeon |    210 |    210 |      0 |      0 |      0 |   1 |  210.0 |
               +--------+--------+--------+--------+--------+-----+--------+

Top non-repeatable levels by time:
     D:5: 210 daAuts
